 Dungeon Crawl Stone Soup version 0.27.1-33-g824d729ab1 (webtiles) character file.

Game seed: 7375740963788764033

88 McKennaii the Magician (level 4, 0/33 HPs)
             Began as a Demigod Conjurer on Dec 12, 2021.
             Succumbed to a goblin's poison
             ... on level 2 of the Dungeon.
             The game lasted 00:02:31 (2293 turns).

McKennaii the Magician (Demigod Conjurer)           Turns: 2293, Time: 00:02:31

Health: 0/33       AC:  6    Str:  8    XL:     4   Next: 9%
Magic:  10/12      EV: 12    Int: 24    God:
Gold:   58         SH:  0    Dex: 12    Spells: 3/10 levels left

rFire    . . .     SeeInvis .   (no weapon)
rCold    . . .     Faith    .   (no shield)
rNeg     . . .     Spirit   .   a - +0 robe
rPois    .         Reflect  .   k - +0 helmet
rElec    .         Harm     .   (no cloak)
rCorr    .         Rampage  .   g - +2 pair of gloves
Will     .....                  (no boots)
Stlth    ++........             (no amulet)
HPRegen  0.11/turn              (no ring)
MPRegen  0.13/turn              (no ring)

@: lethally poisoned (0 -> -8), invisible
A: high mp 1, forlorn
a: no special abilities


You were on level 2 of the Dungeon.
You visited 1 branch of the dungeon, and saw 3 of its levels.

You collected 58 gold pieces.

Inventory:

Armour
 a - a +0 robe (worn)
 g - a +2 pair of gloves (worn)
 k - a +0 helmet (worn)
Scrolls
 b - a scroll of acquirement {unknown}
 d - a scroll of teleportation {unknown}
 h - 3 scrolls of fear {unknown}
 i - a scroll of blinking {unknown}
 j - a scroll of identify {unknown}
 l - a scroll of vulnerability {unknown}
Potions
 e - a potion of heal wounds {unknown}
 f - a potion of brilliance {unknown}


   Skills:
 - Level 1.7 Dodging
 - Level 1.7 Stealth
 + Level 3.9 Spellcasting
 - Level 3.6 Conjurations


You had 3 spell levels left.
You knew the following spells:

 Your Spells              Type           Power      Damage    Failure   Level
a - Magic Dart            Conj           88%        1d7       2%          1
b - Searing Ray           Conj           44%        3d4       3%          2
c - Iskenderun's Mystic   Conj/Tloc      13%        2d5       43%         4

Your spell library contained the following spells:

 Spells                   Type           Power      Damage    Failure   Level
 Summon Small Mammal      Summ           16%        N/A       10%         1
 Dazzling Flash           Conj/Hex       26%        N/A       14%         3
 Call Canine Familiar     Summ           4%         N/A       30%         3
 Summon Guardian Golem    Hex/Summ       4%         N/A       30%         3
 Fulminant Prism          Conj/Hex       6%         3d7       43%         4


Dungeon Overview and Level Annotations

Branches:
Dungeon (3/15)

Annotations:
D:3 Ijyb, Sigmund


Innate Abilities, Weirdness & Mutations

Your attributes grow dramatically as you level up.
You have an increased reservoir of magic. (+10% MP)
You shall have no god before yourself.


Message History

There is a stone staircase leading up here.
You climb upwards.
There is a stone staircase leading down here.
Magic restored.
There is an open door here.
There is a stone staircase leading up here.
HP restored.
You see here a +0 club.
You see here a +0 club.
You see here a +0 dagger.
There is a stone staircase leading down here.
You climb downwards.
Level annotation: Sigmund The goblin shouts!
You hear a shout!
The goblin hits you with a +0 club. The goblin closely misses you.
Found 8 gold pieces.
There is a stone staircase leading up here.
The magic dart hits the goblin.
The goblin is severely wounded.
Ijyb the Twisted Goblin comes into view.
She is wielding a +0 club and carrying a wand of mindburst (8).
The goblin hits you with a +0 club.
The magic dart hits the goblin!
You kill the goblin!
The goblin hits you but does no damage.
You are poisoned.
Ijyb zaps a wand.
Your mind is blasted!
Ouch! That really hurt!
* * * LOW HITPOINT WARNING * * *
* * * LOW HITPOINT WARNING * * *
You feel sick.
The goblin hits you with a +1 dagger of venom.
* * * LOW HITPOINT WARNING * * *
You are lethally poisoned!
You climb upwards.
* * * LOW HITPOINT WARNING * * *
You feel very sick.
There is a stone staircase leading down here.
It was a potion of invisibility.
You fade into invisibility!
You die...

.....#.#####........# #...#.#
.....#..............####...#.#
.....#####...).#+#####.......#
.....# #..[..#.# ##'#######
###### #....)..# ##...#
#....#).# #....# #....#.)#
#....# #.####..###....# ##
###.#####@.......# .#
#...#.....g......# )#
#.###.######.#...# .#
#.....######.##### ##
#######.........#
#....##.######### #.##....#
#####.##.##.# ......##.##.#


You could see a goblin.

Vanquished Creatures
  Terence (D:2)
  Robin (D:2)
  2 worms
  3 bats
  3 endoplasms
  A giant cockroach (D:2)
  11 goblins
  8 hobgoblins
  4 kobolds
  5 quokkas
  A ball python (D:2)
  3 rats
43 creatures vanquished.

Notes
Turn   | Place    | Note
-------+----------+-------------------------------------------
     0 | D:1      | McKennaii the Demigod Conjurer began the quest for the Orb.
     0 | D:1      | Reached XP level 1. HP: 14/14 MP: 5/5
    63 | D:1      | You fall into a shaft and drop 1 floor!
   350 | D:1      | Reached XP level 2. HP: 20/20 MP: 1/8
   353 | D:1      | Learned a level 2 spell: Searing Ray
   967 | D:2      | Noticed Terence
  1006 | D:2      | Killed Terence
  1007 | D:2      | Reached XP level 3. HP: 22/26 MP: 1/10
  1321 | D:2      | Noticed Robin
  1596 | D:2      | Killed Robin
  1804 | D:2      | Reached XP level 4. HP: 33/33 MP: 6/12
  2059 | D:3      | Noticed Sigmund
  2127 | D:3      | Learned a level 4 spell: Iskenderun's Mystic Blast
  2289 | D:3      | Noticed Ijyb
  2293 | D:2      | Succumbed to a goblin's poison

Illustrated notes

Levels and vault maps discovered:
D:1:      dpeg_arrival_chambers_temple_mockup, layout_rooms,
          hangedman_abyss_or_decor_lesser_grid, minmay_tripent
D:2:      layout_basic, uniq_robin, uniq_terence
D:3:      layout_rooms, kb_xom_exploding_sheep, gammafunk_ghost_grave,
          corner_web_ring, lightli_corner_chamber, uniq_sigmund, uniq_ijyb

Skill      XL: |  1  2 |
---------------+-------+-----
Spellcasting   | 2 3 |  3.9
Dodging        | |  1.7
Stealth        | |  1.7
Conjurations   | |  3.6

Action                   |  1- 3 |  4- 6 || total
-------------------------+-------+-------++-------
Melee: Unarmed           |     2 |       ||     2
 Cast: Magic Dart        |    78 |     8 ||    86
       Searing Ray       |     5 |     1 ||     6
  Use: Potion            |       |     1 ||     1
Armor: Robe              |     3 |     1 ||     4
Dodge: Dodged            |     9 |     2 ||    11
